 Dungeon Sprint DCSS version 0.15.2 (webtiles) character file.

60944 MordorOrchid the Acrobat (level 14, -14/121 HPs)
             Began as a Spriggan Assassin on June 6, 2021.
             Was the Champion of Okawaru.
             Demolished by Mennas
             ... wielding a +2 eudemon blade of holy wrath
              (15 damage)
             ... in the Dungeon (Sprint IX: "|||||||||||||||||||||||||||||").
             The game lasted 00:55:58 (6244 turns).

MordorOrchid the Acrobat (Spriggan Assassin)        Turns: 6244, Time: 00:55:58

HP -14/121       AC  8     Str 16      XL: 14   Next: 58%
MP  31/35        EV 44     Int 13      God: Okawaru [******]
Gold 6           SH  0     Dex 24      Spells:  0 memorised, 13 levels left

rFire  + . .     SeeInvis +     a - +6 short sword of Xirytu {speed, *Rage +Rage}
rCold  + . .     Rnd*Rage +     D - +2 robe {rC+ rF+}
rNeg   . . .     rCorr    .     (shield restricted)
rPois  .         rRot     .     f - +2 hat
rElec  .         Spirit   .     d - +0 cloak
SustAb .         Warding  .     (gloves unavailable)
rMut   .         NoTele   +     (boots unavailable)
Gourm  .                        (no amulet)
MR     ++...                    t - +3 ring of dexterity
                                s - +3 ring of dexterity

@: berserking, heroism, very slightly contaminated, hasted, glowing, silenced,
very quick, very resistant to hostile enchantments, extremely unstealthy
A: unfitting armour, see invisible, herbivore 3, speed 3, slow metabolism 2
a: Evoke Berserk Rage


You were in the Dungeon.
You worshipped Okawaru.
Okawaru was exalted by your worship.
You were not hungry.

You visited 1 branch You collected 1935 gold pieces.
You spent 1929 gold pieces at shops.

Inventory:

Hand weapons
 a - the +6 short sword of Xirytu (weapon) {speed, *Rage +Rage}
   (You found it in the Dungeon)

   Attacks with this weapon are significantly faster.
   It lets you go berserk.
   It may make you go berserk in combat.
 b - a +0 blowgun
 q - the +10 spear of Deuzxel {freeze, rElec rF++}
   (You found it in the Dungeon)

   It has been specially enchanted to freeze those struck by it, causing extra
   injury to most foes and up to double damage against particularly susceptible
   opponents.
   It can also slow down cold-blooded creatures.
   It greatly protects you from fire.
   It insulates you from electricity.
 r - a +2 scimitar of flaming
 y - a +3 cutlass of electrocution
 I - a +2 dagger
 L - a +2 cutlass of venom
Missiles
 e - 12 tomahawks of dispersal
 x - 7 tomahawks of returning (quivered)
 N - 16 poisoned arrows
 O - 3 tomahawks
Armour
 d - a +0 cloak (worn)
 f - a +2 hat (worn)
 u - a +1 robe of magic resistance
 D - a +2 robe of resistance (worn)
 M - a +2 robe of positive energy
 P - a +0 buckler
Magical devices
 o - a wand of draining (2)
Comestibles
 z - 26 fruits
 A - 12 bread rations
Scrolls
 l - 5 scrolls of remove curse
 m - 4 scrolls of blinking
 n - 2 scrolls of amnesia
 v - 2 scrolls of fear
 w - a scroll of identify
 K - 2 scrolls of fog
Jewellery
 s - a +3 ring of dexterity (left hand)
 t - a +3 ring of dexterity (right hand)
 F - an uncursed ring of fire
 G - an uncursed ring of protection from fire
 H - an uncursed ring of protection from cold
Potions
 g - a potion of porridge
 h - 8 potions of curing
 i - 9 potions of heal wounds
 j - 2 potions of haste
 k - 4 potions of magic
 J - a potion of restore abilities
Magical staves
 p - an uncursed staff of energy
Miscellaneous
 c - a lamp of fire (inert)
Rods
 C - a +3 lightning rod (2/9)
   (You bought it in a shop in the Dungeon)


   Skills:
 * Level 12.7(17.7) Fighting
 - Level 16.6(21.6) Short Blades
 + Level 20.9(25.9) Throwing
 - Level 6.6(11.6) Armour
 * Level 24.3(27) Dodging
 + Level 21.3(26.3) Stealth
 - Level 2.1(7.1) Shields
 - Level 10.3 Invocations
 * Level 17.0 Evocations


You had 13 spell levels left.
You didn't know any spells.

Dungeon Overview and Level Annotations

Branches:
Dungeon (1/1)

Altars:
Cheibriados
Dithmenos
Elyvilon
Fedhas
Kikubaaqudgha
Makhleb
Nemelex Xobeh
Okawaru
Qazlal
Sif Muna
Trog
Vehumet
Xom
Yredelemnul
Zin
The Shining One
Beogh
Jiyva
Lugonu

Shops:
D }?[!

Annotations:
D Mennas


Innate Abilities, Weirdness & Mutations

You are tiny and cannot use many weapons and most armour.
You have supernaturally acute eyesight.
You are a herbivore.
You cover ground extremely quickly.
You need consume almost no food.


Message History

Mennas is heavily wounded.
Mennas is engulfed in roaring flames.
Mennas barely misses you. Mennas completely misses you.
Mennas blocks your attack.
Mennas is heavily wounded.
Mennas blocks your attack.
Mennas is heavily wounded.
Mennas is engulfed in roaring flames.
Mennas hits you with an eudemon blade of holy wrath!!
* * * LOW HITPOINT WARNING * * *
Mennas completely misses you.
Mennas blocks your fire elemental's attack.
Mennas blocks your attack.
Mennas is heavily wounded.
You hit Mennas.
Mennas is heavily wounded.
Mennas hits you with an eudemon blade of holy wrath!!
* * * LOW HITPOINT WARNING * * *
Mennas hits you with an eudemon blade of holy wrath!
You die...

.▓.▓.▓)▓.▓.▓.▓.▓§▓
.▓[▓.▓.▓.▓.▓.▓.▓.▓
.▓.▓.▓(▓.♣%♣.▓(▓.▓
.▓.▓.▓(▓.♣.♣.▓'▓.▓
.▓.▓.▓)▓.♣.♣(▓(▓.▓
.▓.▓.▓%▓.♣)♣.▓)▓§▓
.▓.▓.▓(▓.♣.♣.▓.▓E▓
.▓)▓.▓.▓.♣%♣.▓)▓A▓
.▓)▓.▓.▓)♣.♣.▓(▓@▓
.▓)▓.▓(▓.♣)♣.▓)▓.▓
.▓)▓.▓(▓.♣%♣.▓)▓.▓
.▓)▓.▓.▓.♣.♣.▓)▓.▓
.▓.▓.▓.▓.▓'▓.▓(▓.▓
.▓∩▓.▓.▓.▓)▓.▓.▓.▓
.▓.▓.▓.▓.▓.▓.▓.▓.▓
.▓∩▓.▓.▓.▓.▓%▓.▓.▓
.▓.▓.▓.▓.▓.▓.▓.▓.▓


You could see Mennas and a friendly fire elemental.

Vanquished Creatures
  Margery (D)
  Frederick (D)
  A vault warden (D)
  A greater naga (D)
  Gastronok (D)
  3 rakshasas (D)
  2 very ugly things (D)
  6 stone giants (D)
  A dire elephant (D)
  An ettin (D)
  A fire dragon (D)
  3 yaktaur captains (D)
  An ice dragon (D)
  A naga warrior (D)
  A shambling mangrove (D)
  Nessos (D)
  An anaconda (D)
  2 centaur warriors (D)
  A hydra (D)
  2 deep troll earth magi (D)
  2 deep troll shamans (D)
  A vampire mage (D)
  An ogre mage (D)
  A shock serpent (D)
  A catoblepas (D)
  A salamander mystic (D)
  A deep elf knight (D)
  A hell knight (D)
  A swamp dragon (D)
  A hill giant (D)
  A wizard (D)
  An unseen horror (D)
  A deep elf conjurer (D)
  3 ugly things (D)
  5 orc knights (D)
  A faun (D)
  3 necromancers (D)
  2 wolf spiders (D)
  8 orc sorcerers (D)
  A water nymph (D)
  2 manticores (D)
  A griffon (D)
  An octopode (shapeshifter) (D)
  2 vault sentinels (D)
  A torpor snail (D)
  2 komodo dragons (D)
  A naga mage (D)
  A spiny frog (D)
  A demonic crawler (D)
  A jumping spider (shapeshifter) (D)
  A troll (D)
  An efreet (D)
  A blue devil (D)
  2 merfolk (D)
  5 polar bears (D)
  2 jumping spiders (D)
  A boulder beetle (D)
  A raven (D)
  A trapdoor spider (D)
  A basilisk (D)
  A water elemental (D)
  2 tarantellas (D)
  2 spriggans (D)
  3 yaks (D)
  A wraith (D)
  3 hippogriffs (D)
  A wyvern (D)
  A vampire mosquito (D)
  3 water moccasins (D)
  A spider (D)
  3 nagas (D)
  3 black bears (D)
  2 porcupines (D)
  6 yellow wasps (D)
  A deep dwarf (shapeshifter) (D)
  An orc zombie (D)
  5 orc warriors (D)
  3 centaurs (D)
  A boggart (D)
  3 giant frogs (D)
  A brain worm (D)
  A wight (D)
  A killer bee (D)
  2 orc priests (D)
  A hound (D)
  8 orc wizards (D)
  An iguana (D)
  A worker ant (D)
  An adder (D)
  An adder zombie (D)
  12 orcs (D)
  A goblin (D)
  4 kobolds (D)
  A bat (D)
  2 giant newts (D)
  2 kobold skeletons (D)
  2 rats (D)
  A fungus (D)
187 creatures vanquished.

Vanquished Creatures (collateral kills)
  An emperor scorpion (D)
  An orc knight (D)
  A griffon (D)
  An ugly thing (D)
  An ogre (shapeshifter) (D)
5 creatures vanquished.

Vanquished Creatures (others)
  A centaur warrior (D)
  3 fire elementals (D)
  A sky beast (D)
5 creatures vanquished.

Grand Total: 197 creatures vanquished

Notes
Turn   | Place    | Note
--------------------------------------------------------------
     0 | D        | MordorOrchid, the Spriggan Assassin, began the quest for the Orb.
     0 | D        | Reached XP level 1. HP: 10/10 MP: 2/2
     4 | D        | Banished a spatial maelstrom
     9 | D        | Reached skill level 6 in Stealth
    14 | D        | Reached skill level 7 in Stealth
    35 | D        | Noticed a worker ant
    35 | D        | Noticed a centaur
    37 | D        | Reached skill level 8 in Stealth
    37 | D        | Reached XP level 2. HP: 13/15 MP: 4/4
    39 | D        | Killed a worker ant
    39 | D        | Reached skill level 9 in Stealth
    39 | D        | Reached XP level 3. HP: 15/19 MP: 6/6
    50 | D        | Killed a centaur
    50 | D        | Reached skill level 12 in Stealth
    50 | D        | Reached XP level 4. HP: 24/24 MP: 8/8
    54 | D        | Found a glowing silver altar of Zin.
    54 | D        | Found a glowing golden altar of the Shining One.
    54 | D        | Found an ancient bone altar of Kikubaaqudgha.
    54 | D        | Found a basalt altar of Yredelemnul.
    54 | D        | Found a shimmering altar of Xom.
    54 | D        | Found a radiant altar of Vehumet.
    54 | D        | Found an iron altar of Okawaru.
    55 | D        | Found a burning altar of Makhleb.
    56 | D        | Found a deep blue altar of Sif Muna.
    57 | D        | Found a bloodstained altar of Trog.
    58 | D        | Found a sparkling altar of Nemelex Xobeh.
    59 | D        | Found a white marble altar of Elyvilon.
    60 | D        | Found a roughly hewn altar of Beogh.
    61 | D        | Found a viscous altar of Jiyva.
    62 | D        | Found a corrupted altar of Lugonu.
    63 | D        | Became a worshipper of Warmaster Okawaru
    64 | D        | Found a blossoming altar of Fedhas.
    65 | D        | Found a snail-covered altar of Cheibriados.
    66 | D        | Found a shadowy altar of Dithmenos.
    67 | D        | Found a stormy altar of Qazlal.
   106 | D        | Noticed an orc warrior
   106 | D        | Noticed a killer bee
   106 | D        | Noticed a hippogriff
   106 | D        | Noticed a sky beast
   106 | D        | Noticed a centaur
   112 | D        | Killed an orc warrior
   112 | D        | Reached XP level 5. HP: 24/28 MP: 9/17
   114 | D        | Killed a killer bee
   114 | D        | Reached skill level 5 in Dodging
   114 | D        | Reached skill level 1 in Invocations
   121 | D        | Killed a hippogriff
   121 | D        | Acquired Okawaru's first power
   121 | D        | Reached XP level 6. HP: 28/34 MP: 11/20
   121 | D        | Killed a sky beast
   127 | D        | Killed a centaur
   127 | D        | Reached skill level 5 in Fighting
   131 | D        | Noticed a yak
   131 | D        | Noticed a wraith
   131 | D        | Noticed a wight
   131 | D        | Noticed a giant frog
   131 | D        | Noticed an unseen horror
   150 | D        | Killed a yak
   150 | D        | Reached skill level 5 in Invocations
   150 | D        | Reached XP level 7. HP: 3/39 MP: 15/21
   293 | D        | Killed a wraith
   293 | D        | Reached skill level 10 in Dodging
   308 | D        | Killed a wight
   339 | D        | Killed a giant frog
   358 | D        | Killed an unseen horror
   358 | D        | Reached XP level 8. HP: 9/45 MP: 23/23
   657 | D        | Got the +10 spear of Deuzxel {freeze, rElec rF++}
   671 | D        | Noticed an iguana
   671 | D        | Noticed a yak
   671 | D        | Noticed a giant frog
   671 | D        | Noticed a water moccasin
   671 | D        | Noticed a hippogriff
   671 | D        | Noticed a porcupine
   671 | D        | Noticed a spiny frog
   672 | D        | Noticed a basilisk
   673 | D        | Killed an iguana
   674 | D        | Noticed a hound
   684 | D        | Killed a yak
   688 | D        | Killed a giant frog
   694 | D        | Killed a water moccasin
   694 | D        | Reached skill level 13 in Dodging
   702 | D        | Killed a hippogriff
   704 | D        | Killed a porcupine
   704 | D        | Killed a spiny frog
   704 | D        | Reached XP level 9. HP: 44/50 MP: 25/25
   704 | D        | Killed a basilisk
   704 | D        | Reached skill level 14 in Dodging
   709 | D        | Killed a hound
   718 | D        | Noticed a komodo dragon
   718 | D        | Noticed a porcupine
   718 | D        | Noticed a torpor snail
   718 | D        | Noticed a komodo dragon
   718 | D        | Noticed a hippogriff
   718 | D        | Noticed a giant frog
   719 | D        | Noticed a yak
   726 | D        | Noticed an eight-headed hydra
   726 | D        | Killed a komodo dragon
   726 | D        | Reached skill level 10 in Short Blades
   726 | D        | Reached skill level 5 in Throwing
   728 | D        | Killed a porcupine
   742 | D        | Killed a torpor snail
   742 | D        | Reached skill level 15 in Dodging
   783 | D        | Killed a komodo dragon
   787 | D        | Killed a hippogriff
   793 | D        | Killed a giant frog
   805 | D        | Killed a yak
   847 | D        | Killed an eight-headed hydra
   847 | D        | Received a gift from Okawaru
   847 | D        | Reached skill level 16 in Dodging
   847 | D        | Reached XP level 10. HP: 30/57 MP: 26/26
   949 | D        | Noticed a black bear
   949 | D        | Noticed a polar bear
   949 | D        | Noticed a black bear
   949 | D        | Noticed a polar bear
   949 | D        | Noticed a black bear
   949 | D        | Noticed a polar bear
   949 | D        | Noticed a polar bear
   950 | D        | Noticed a polar bear
   990 | D        | Killed a polar bear
  1016 | D        | Killed a polar bear
  1034 | D        | Killed a polar bear
  1065 | D        | Killed a black bear
  1087 | D        | Killed a black bear
  1120 | D        | Killed a polar bear
  1172 | D        | Killed a polar bear
  1172 | D        | Acquired Okawaru's second power
  1231 | D        | Killed a black bear
  1353 | D        | Noticed an orc warrior
  1353 | D        | Noticed an orc warrior
  1353 | D        | Noticed an orc wizard
  1367 | D        | Killed an orc warrior
  1367 | D        | Reached skill level 17 in Dodging
  1397 | D        | Killed an orc warrior
  1397 | D        | Reached skill level 15 in Stealth
  1412 | D        | Killed an orc wizard
  1499 | D        | Noticed an orc warrior
  1499 | D        | Noticed an orc sorcerer
  1499 | D        | Noticed an orc priest
  1499 | D        | Noticed an orc knight
  1499 | D        | Noticed an orc priest
  1521 | D        | Killed an orc warrior
  1565 | D        | Killed an orc sorcerer
  1609 | D        | Killed an orc knight
  1658 | D        | Killed an orc priest
  1665 | D        | Noticed an orc wizard
  1667 | D        | Noticed an orc knight
  1669 | D        | Noticed an orc knight
  1670 | D        | Killed an orc priest
  1710 | D        | Killed an orc knight
  1710 | D        | Received a gift from Okawaru
  1745 | D        | Killed an orc knight
  1745 | D        | Reached skill level 18 in Dodging
  1772 | D        | Killed an orc wizard
  1817 | D        | Noticed an orc knight
  1818 | D        | Noticed an orc warrior
  1868 | D        | Killed an orc knight
  1868 | D        | Received a gift from Okawaru
  1868 | D        | Reached XP level 11. HP: 23/62 MP: 28/28
  1876 | D        | Killed an orc warrior
  2038 | D        | Found Tedeazu's Gadget Emporium.
  2038 | D        | Noticed an orc sorcerer
  2038 | D        | Noticed an orc sorcerer
  2038 | D        | Noticed an orc wizard
  2038 | D        | Noticed an orc sorcerer
  2038 | D        | Noticed an orc wizard
  2038 | D        | Noticed an orc sorcerer
  2039 | D        | Found Crargh's Magic Scroll Shoppe.
  2042 | D        | Killed an orc wizard
  2046 | D        | Killed an orc sorcerer
  2046 | D        | Reached skill level 10 in Throwing
  2047 | D        | Noticed an orc wizard
  2048 | D        | Killed an orc sorcerer
  2048 | D        | Reached skill level 10 in Invocations
  2050 | D        | Killed an orc sorcerer
  2051 | D        | Found Nocutuob's Armour Emporium.
  2056 | D        | Killed an orc sorcerer
  2058 | D        | Killed an orc wizard
  2059 | D        | Noticed an orc wizard
  2074 | D        | Killed an orc wizard
  2083 | D        | Killed an orc wizard
  2113 | D        | Noticed an orc sorcerer
  2146 | D        | Killed an orc sorcerer
  2170 | D        | Found Schongyp's Distillery.
  2174 | D        | Noticed an orc sorcerer
  2175 | D        | Noticed an orc sorcerer
  2176 | D        | Noticed an orc wizard
  2177 | D        | Noticed an orc wizard
  2183 | D        | Killed an orc sorcerer
  2191 | D        | Killed an orc sorcerer
  2196 | D        | Killed an orc wizard
  2206 | D        | Killed an orc wizard
  2260 | D        | Bought a lamp of fire for 560 gold pieces
  2263 | D        | Bought a scroll of blinking for 75 gold pieces
  2274 | D        | Bought a +3 lightning rod (9/9) for 1190 gold pieces
  2281 | D        | Bought a potion of heal wounds for 39 gold pieces
  2281 | D        | Bought a potion of heal wounds for 39 gold pieces
  2281 | D        | Bought a potion of curing for 26 gold pieces
  2312 | D        | Noticed Gastronok
  2345 | D        | Killed Gastronok
  2345 | D        | Reached skill level 1 in Armour
  2345 | D        | Reached skill level 19 in Dodging
  2432 | D        | Got the +6 short sword of Xirytu {speed, *Rage +Rage}
  2463 | D        | Noticed a wyvern
  2463 | D        | Noticed a troll
  2463 | D        | Noticed a brain worm
  2463 | D        | Noticed a rakshasa
  2463 | D        | Noticed a salamander
  2463 | D        | Noticed a catoblepas
  2467 | D        | Killed a wyvern
  2467 | D        | Killed a brain worm
  2467 | D        | a salamander changed into a jumping spider
  2471 | D        | Killed a troll
  2474 | D        | Noticed an efreet
  2475 | D        | Killed a rakshasa
  2476 | D        | Noticed an unseen horror
  2477 | D        | Killed a catoblepas
  2480 | D        | Noticed a stone giant
  2491 | D        | Killed a rakshasa
  2497 | D        | Killed an efreet
  2507 | D        | Killed a rakshasa
  2507 | D        | Received a gift from Okawaru
  2507 | D        | Reached skill level 10 in Fighting
  2507 | D        | Reached skill level 10 in Evocations
  2592 | D        | Killed a stone giant
  2607 | D        | Noticed a stone giant
  2999 | D        | Killed a stone giant
  2999 | D        | Reached XP level 12. HP: 67/67 MP: 30/30
  3021 | D        | Noticed a cyan ugly thing
  3023 | D        | Noticed a deep troll earth mage
  3024 | D        | Noticed an emperor scorpion
  3027 | D        | Killed a cyan ugly thing
  3073 | D        | Killed a deep troll earth mage
  3118 | D        | Killed an emperor scorpion
  3147 | D        | Noticed a necromancer
  3164 | D        | Killed a necromancer
  3194 | D        | Noticed Nessos
  3348 | D        | Killed Nessos
  3408 | D        | Noticed a yellow wasp
  3408 | D        | Noticed a jumping spider
  3408 | D        | Noticed a jumping spider
  3408 | D        | Noticed a tarantella
  3408 | D        | Noticed a wolf spider
  3408 | D        | Noticed a spider
  3408 | D        | Noticed a tarantella
  3410 | D        | Killed a yellow wasp
  3411 | D        | Noticed a demonic crawler
  3412 | D        | Killed a jumping spider
  3424 | D        | Killed a jumping spider
  3431 | D        | Killed a tarantella
  3463 | D        | Killed a wolf spider
  3463 | D        | Received a gift from Okawaru
  3463 | D        | Reached skill level 20 in Dodging
  3468 | D        | Killed a spider
  3511 | D        | Killed a tarantella
  3523 | D        | Noticed a trapdoor spider
  3531 | D        | Killed a trapdoor spider
  3729 | D        | Killed a demonic crawler
  3824 | D        | Noticed a salamander mystic
  3824 | D        | Noticed a shock serpent
  3824 | D        | Noticed a naga mage
  3824 | D        | Noticed a naga
  3824 | D        | Noticed a naga
  3824 | D        | Noticed a naga warrior
  3824 | D        | Noticed a greater naga
  3825 | D        | Noticed a naga
  3826 | D        | Killed a salamander mystic
  3827 | D        | Killed a naga
  3829 | D        | Killed a naga mage
  3830 | D        | Killed a shock serpent
  3830 | D        | Killed a naga
  3830 | D        | Reached skill level 15 in Throwing
  3833 | D        | Killed a greater naga
  3833 | D        | Reached skill level 15 in Short Blades
  3834 | D        | Killed a naga warrior
  3834 | D        | Received a gift from Okawaru
  3836 | D        | Noticed an anaconda
  3839 | D        | Killed a naga
  3859 | D        | Killed an anaconda
  3859 | D        | Reached skill level 21 in Dodging
  4036 | D        | Noticed a water moccasin
  4036 | D        | Noticed a spriggan rider
  4036 | D        | Noticed a shambling mangrove
  4036 | D        | Noticed a raven
  4036 | D        | Noticed a swamp dragon
  4036 | D        | Noticed a water moccasin
  4037 | D        | Noticed a vampire mosquito
  4041 | D        | Noticed a spriggan rider
  4042 | D        | Killed a water moccasin
  4042 | D        | Killed a vampire mosquito
  4042 | D        | Killed a water moccasin
  4043 | D        | Killed a raven
  4044 | D        | Killed a spriggan
  4045 | D        | Killed a spriggan rider
  4045 | D        | Killed a yellow wasp
  4045 | D        | Killed a yellow wasp
  4047 | D        | Killed a swamp dragon
  4047 | D        | Received a gift from Okawaru
  4047 | D        | Reached XP level 13. HP: 55/73 MP: 32/32
  4053 | D        | Killed a shambling mangrove
  4053 | D        | Reached skill level 5 in Armour
  4153 | D        | Noticed a water elemental
  4153 | D        | Noticed a manticore
  4153 | D        | Noticed a water nymph
  4153 | D        | Noticed a griffon
  4153 | D        | Noticed a merfolk
  4153 | D        | Noticed a faun
  4153 | D        | Noticed a manticore
  4154 | D        | Noticed a merfolk
  4155 | D        | Killed a water elemental
  4156 | D        | Noticed a centaur
  4158 | D        | Killed a manticore
  4159 | D        | Killed a merfolk
  4159 | D        | Killed a faun
  4159 | D        | Reached skill level 22 in Dodging
  4159 | D        | Killed a merfolk
  4159 | D        | Killed a griffon
  4159 | D        | Received a gift from Okawaru
  4161 | D        | Killed a manticore
  4161 | D        | Killed a water nymph
  4195 | D        | Killed a centaur
  4354 | D        | Noticed an ettin
  4354 | D        | Noticed a dire elephant
  4354 | D        | Noticed a stone giant
  4354 | D        | Noticed a fire dragon
  4354 | D        | Noticed a wizard
  4354 | D        | Noticed a cyan very ugly thing
  4354 | D        | Noticed a deep troll shaman
  4355 | D        | Noticed a deep elf conjurer
  4366 | D        | Killed an ettin
  4370 | D        | Killed a dire elephant
  4375 | D        | Killed a stone giant
  4411 | D        | Killed a fire dragon
  4423 | D        | Killed a wizard
  4451 | D        | Killed a cyan very ugly thing
  4483 | D        | Killed a deep troll shaman
  4483 | D        | Reached skill level 23 in Dodging
  4523 | D        | Killed a deep elf conjurer
  4534 | D        | Noticed a stone giant
  4749 | D        | Killed a stone giant
  4800 | D        | Noticed a green very ugly thing
  4801 | D        | Noticed an ice dragon
  4802 | D        | Noticed a deep troll shaman
  4803 | D        | Noticed a centaur warrior
  4804 | D        | Noticed a vampire mage
  4805 | D        | Noticed a brown ugly thing
  4806 | D        | Noticed a boggart
  4810 | D        | Killed a centaur warrior
  4810 | D        | Killed a deep troll shaman
  4812 | D        | Killed a brown ugly thing
  4813 | D        | Killed an ice dragon
  4814 | D        | Killed a green very ugly thing
  4815 | D        | Killed a vampire mage
  4816 | D        | Killed a boggart
  4818 | D        | Noticed a deep troll earth mage
  4822 | D        | Noticed a yaktaur captain
  4828 | D        | Killed a deep troll earth mage
  4855 | D        | Killed a yaktaur captain
  4983 | D        | Noticed a purple ugly thing
  4983 | D        | Noticed an ogre mage
  4983 | D        | Noticed a yaktaur captain
  4983 | D        | Noticed a vault sentinel
  4983 | D        | Noticed a brown ugly thing
  4983 | D        | Noticed a hill giant
  4983 | D        | Noticed an orc knight
  4984 | D        | Noticed a spiny frog
  4985 | D        | Killed a purple ugly thing
  4985 | D        | Reached skill level 15 in Evocations
  4986 | D        | Noticed a wolf spider
  4988 | D        | Killed an ogre mage
  4989 | D        | Killed a vault sentinel
  4990 | D        | a spiny frog changed into a shapeshifter
  4990 | D        | Killed a brown ugly thing
  4993 | D        | Killed a hill giant
  4995 | D        | Killed a yaktaur captain
  4995 | D        | Received a gift from Okawaru
  4995 | D        | Reached XP level 14. HP: 59/79 MP: 34/34
  4995 | D        | Killed an orc knight
  4997 | D        | Noticed a vault sentinel
  5000 | D        | Noticed a centaur warrior
  5000 | D        | Killed a wolf spider
  5002 | D        | Noticed a boulder beetle
  5002 | D        | Noticed a griffon
  5004 | D        | Noticed a yaktaur captain
  5012 | D        | Killed a vault sentinel
  5015 | D        | Noticed an orc knight
  5016 | D        | Killed a centaur warrior
  5017 | D        | Noticed a stone giant
  5022 | D        | Noticed a deep elf knight
  5024 | D        | Killed a yaktaur captain
  5026 | D        | Noticed a centaur warrior
  5027 | D        | Killed a griffon
  5028 | D        | Killed a boulder beetle
  5029 | D        | Killed an orc knight
  5030 | D        | Noticed a red wasp
  5073 | D        | HP: 3/80 [stone giant/ large rock (43)]
  5353 | D        | Killed a stone giant
  5427 | D        | Killed a deep elf knight
  5442 | D        | Killed a centaur warrior
  5443 | D        | Noticed a vault warden
  5476 | D        | Killed a vault warden
  5476 | D        | Reached skill level 1 in Shields
  5499 | D        | Noticed a stone giant
  5664 | D        | Killed a stone giant
  5664 | D        | Received a gift from Okawaru
  5746 | D        | Noticed a necromancer
  5747 | D        | Noticed a hell knight
  5748 | D        | Noticed a necromancer
  5770 | D        | Killed a necromancer
  5786 | D        | Killed a hell knight
  5788 | D        | Noticed Margery
  5791 | D        | Noticed Frederick
  5827 | D        | Killed a necromancer
  5882 | D        | Killed Margery
  5882 | D        | Reached skill level 24 in Dodging
  6138 | D        | Killed Frederick
  6138 | D        | Received a gift from Okawaru
  6189 | D        | Noticed Mennas
  6244 | D        | HP: 1/121 [Mennas/eudemon blade of holy wrath (23)]
  6244 | D        | Demolished by Mennas

Action                   |  1- 3 |  4- 6 |  7- 9 | 10-12 | 13-15 || total
-------------------------+-------+-------+-------+-------+-------++-------
Melee: Dagger            |    29 |       |       |    40 |       ||    69
       Cutlass           |       |    19 |    87 |   291 |    81 ||   478
       Scimitar          |       |       |    14 |       |       ||    14
       Spear             |       |       |       |    20 |     3 ||    23
       Short sword       |       |       |       |    19 |    29 ||    48
 Fire: Blowgun           |       |       |     8 |    65 |    37 ||   110
Throw: Tomahawk          |       |       |       |    45 |   116 ||   161
Invok: Heroism           |       |       |     2 |     9 |     4 ||    15
       Finesse           |       |       |       |     1 |     1 ||     2
 Abil: Evoke Berserk Rag |       |       |       |     1 |     1 ||     2
Evoke: Wand              |       |       |     6 |     6 |       ||    12
       Rod               |       |       |       |    11 |     7 ||    18
       Lamp of fire      |       |       |       |     6 |     6 ||    12
  Use: Potion            |     2 |     1 |       |     2 |     2 ||     7
       Scroll            |       |       |       |     2 |       ||     2
 Stab: Sleeping          |     2 |       |     2 |     3 |     6 ||    13
       Invisible         |       |     4 |       |       |       ||     4
       Distracted        |       |       |     2 |     1 |     3 ||     6
       Fleeing           |       |       |       |     1 |       ||     1
  Eat: Fruit             |       |       |       |     8 |     6 ||    14
